Map: Blackburn LE

Players

GunGFuBanDa

  • Race: Protoss Protoss

Denver - Winner!

  • Race: Zerg Zerg

Event: DreamHack SC2 Masters 2021 Winter

VOD

Have the link to the VOD?

Description

Time

  • Played on: Oct. 13, 2021, 11:40 a.m.
  • Length: 43:15

All games in this series

Show
View Real Time Build Order
Export as new Build Order

GunGFuBanDa Protoss 

Build Orders: 1 Gate Expand, Zealot Archon, Archon Drop 

Get SALT Encoding   

  12  0:00  Probe  
  13  0:12  Probe  
  14  0:17  Pylon  
  14  0:24  Probe (Chrono Boost)  
  15  0:36  Probe (Chrono Boost)  
  15  0:37  Gateway  
  16  0:44  Probe (Chrono Boost)  
  16  0:47  Assimilator  
  17  0:50  Probe  
  18  1:03  Probe  
  19  1:15  Probe  
  20  1:23  Nexus  
  20  1:33  Cybernetics Core  
  20  1:36  Probe (Chrono Boost)  
  21  1:42  Assimilator  
  21  1:45  Probe (Chrono Boost)  
  22  1:51  Pylon  
  22  1:52  Probe  
  23  2:07  Adept (Chrono Boost)  
  23  2:09  Probe  
  23  2:13  Warp Gate  
  26  2:20  Twilight Council  
  26  2:21  Probe  
  27  2:29  Stalker  
  27  2:33  Probe  
  30  2:39  Pylon  
  29  2:46  Probe  
  29  2:50  Probe  
  31  2:55  Robotics Facility  
  32  3:01  Probe (Chrono Boost)  
  32  3:04  Probe (Chrono Boost)  
  33  3:07  Resonating Glaives (Chrono Boost)  
  33  3:08  Gateway  
  34  3:13  Probe (Chrono Boost)  
  34  3:15  Probe (Chrono Boost)  
  36  3:21  Adept, Probe (Chrono Boost)  
  36  3:25  Probe (Chrono Boost)  
  36  3:26  Probe (Chrono Boost)  
  39  3:33  Gateway  
  40  3:37  Gateway  
  40  3:45  Warp Prism  
  42  3:49  Pylon  
  42  3:55  Probe x2  
  44  4:04  Pylon  
  44  4:07  Probe x2  
  46  4:12  Dark Shrine  
  46  4:13  Adept  
  46  4:14  Adept  
  50  4:19  Probe  
  50  4:23  Probe, Pylon  
  52  4:25  Assimilator  
  53  4:31  Probe  
  53  4:35  Probe  
  54  4:39  Adept  
  54  4:40  Adept x3  
  54  4:45  Probe, Pylon  
  63  4:49  Probe  
  64  5:06  Probe  
  64  5:07  Probe  
  66  5:11  Adept x4  
  74  5:18  Probe  
  74  5:19  Probe  
  64  5:30  Probe  
  64  5:31  Probe  
  64  5:35  Assimilator  
  66  5:38  Dark Templar x3  
  66  5:42  Probe  
  71  5:43  Probe  
  70  5:54  Probe  
  70  5:55  Probe  
  66  5:58  Dark Templar  
  66  5:59  Nexus  
  66  6:01  Pylon  
  66  6:04  Archon x2  
  66  6:06  Probe  
  66  6:08  Probe  
  68  6:18  Probe  
  68  6:19  Pylon  
  68  6:20  Probe  
  68  6:21  Adept x2  
  68  6:22  Adept  
  68  6:23  Shield Battery  
  68  6:24  Immortal (Chrono Boost)  
  76  6:30  Probe  
  76  6:32  Probe  
  82  6:33  Robotics Bay  
  82  6:43  Probe  
  82  6:44  Probe  
  84  6:51  Nexus  
  84  6:52  Adept  
  84  6:53  Adept x3  
  93  7:02  Observer  
  93  7:06  Pylon x2  
  93  7:07  Pylon  
  93  7:08  Gateway, Forge  
  93  7:11  Pylon  
  93  7:21  Blink (Chrono Boost)  
  93  7:25  Disruptor (Chrono Boost)  
  93  7:26  Sentry x2  
  93  7:28  Probe  
  101  7:33  Gateway  
  101  7:36  Probe  
  102  7:40  Probe  
  103  7:48  Probe  
  104  7:52  Disruptor (Chrono Boost)  
  107  8:05  Probe  
  104  8:07  Gateway  
  104  8:09  Protoss Ground Weapons Level 1 (Chrono Boost)  
  104  8:10  Probe  
  104  8:11  Probe  
  106  8:13  Assimilator  
  106  8:17  Assimilator  
  106  8:19  Disruptor  
  106  8:23  Stalker x4  
  118  8:27  Pylon  
  118  8:28  Photon Cannon  
  118  8:30  Photon Cannon  
  117  8:35  Stalker x2  
  121  8:48  Probe  
  121  8:51  Probe  
  121  8:52  Gateway, Probe  
  124  8:56  Gateway  
  124  9:00  Stalker x3  
  124  9:01  Stalker x3  
  136  9:06  Nexus  
  136  9:07  Probe  
  136  9:09  Pylon  
  137  9:22  Probe  
  131  9:33  Stalker x4  
  131  9:34  Stalker x3  
  131  9:38  Gravitic Drive  
  145  9:40  Disruptor  
  144  9:56  Photon Cannon  
  144  9:57  Shield Battery  
  143  10:04  Dark Templar x2  
  147  10:07  Stalker x5  
  147  10:13  Probe  
  153  10:15  Probe  
  153  10:17  Disruptor  
  149  10:23  Probe (Chrono Boost)  
  149  10:25  Dark Templar  
  150  10:31  Zealot x5  
  150  10:32  Probe (Chrono Boost)  
  160  10:36  Probe x2 (Chrono Boost)  
  160  10:38  Probe (Chrono Boost)  
  160  10:41  Protoss Ground Weapons Level 2 (Chrono Boost)  
  135  11:04  Stalker x6  
  137  11:05  Stalker x2  
  151  11:13  Probe  
  151  11:14  Probe  
  151  11:15  Photon Cannon  
  151  11:16  Assimilator x2  
  153  11:18  Charge  
  153  11:23  Immortal (Chrono Boost)  
  151  11:29  Probe, Pylon  
  151  11:31  Pylon  
  155  11:33  Pylon  
  155  11:36  Dark Templar  
  155  11:37  Dark Templar  
  156  11:47  Stalker x4  
  143  12:03  Probe  
  143  12:05  Probe  
  143  12:07  Disruptor (Chrono Boost)  
  144  12:19  Stalker x4  
  144  12:20  Stalker x4  
  148  12:42  Immortal (Chrono Boost)  
  144  13:14  Immortal (Chrono Boost)  
  144  13:17  Stalker x9  
  156  13:32  Robotics Facility  
  148  13:41  Protoss Air Weapons Level 1 (Chrono Boost)  
  148  13:45  Immortal (Chrono Boost)  
  146  13:51  Nexus  
  144  13:56  Templar Archives  
  144  14:01  Zealot  
  144  14:02  Zealot x8  
  160  14:13  Photon Cannon  
  160  14:14  Photon Cannon  
  160  14:16  Photon Cannon  
  163  14:24  Immortal (Chrono Boost)  
  163  14:27  Sentry x2  
  163  14:29  Gravitic Boosters (Chrono Boost), Pylon  
  171  14:32  Observer (Chrono Boost)  
  171  14:33  High Templar x4  
  176  14:38  Assimilator  
  176  14:40  Pylon  
  176  14:41  Protoss Ground Weapons Level 3  
  176  14:49  Psionic Storm, Assimilator  
  176  14:53  Immortal (Chrono Boost)  
  176  14:58  Pylon  
  180  15:01  Zealot x2, High Templar  
  172  15:07  Photon Cannon x2  
  172  15:09  Photon Cannon, Assimilator  
  172  15:12  Observer  
  167  15:26  Zealot x6, Dark Templar  
  182  15:29  Photon Cannon, Observer (Chrono Boost)  
  182  15:31  Shield Battery  
  172  15:39  Immortal (Chrono Boost)  
  172  15:41  Protoss Air Armor Level 1  
  176  15:44  Stargate  
  176  15:54  Immortal (Chrono Boost)  
  176  16:07  Immortal (Chrono Boost)  
  172  16:20  Dark Templar  
  172  16:21  Dark Templar  
  163  16:26  Immortal  
  137  16:43  Immortal  
  133  16:47  Archon x2  
  133  16:49  Zealot x7  
  126  17:06  Immortal (Chrono Boost)  
  108  17:13  High Templar x6  
  120  17:19  Immortal (Chrono Boost)  
  124  17:37  Immortal (Chrono Boost)  
  124  17:38  High Templar x2  
  124  17:39  Zealot  
  124  17:42  Archon  
  134  17:51  Warp Prism  
  134  17:56  Nexus, Pylon  
  130  18:06  Pylon  
  130  18:08  Zealot  
  130  18:09  Zealot x6, Oracle (Chrono Boost)  
  145  18:14  Immortal (Chrono Boost)  
  126  18:41  High Templar x2  
  128  18:42  High Templar x3  
  128  18:43  High Templar  
  128  18:45  High Templar  
  128  18:47  Shield Battery  
  140  18:49  Observer, Archon  
  140  18:50  Archon  
  140  18:54  Immortal (Chrono Boost)  
  140  18:55  Shield Battery  
  130  19:14  Observer  
  131  19:27  Zealot x9  
  149  19:37  Immortal  
  149  19:38  Photon Cannon  
  145  19:40  Photon Cannon  
  119  20:07  Dark Templar x3  
  111  20:44  Immortal x2  
  116  20:58  Zealot x2  
  116  20:59  Zealot x7  
  116  21:01  Assimilator  
  116  21:02  Assimilator  
  125  21:23  Immortal (Chrono Boost)  
  125  21:24  Immortal (Chrono Boost)  
  117  21:32  Archon  
  88  21:42  Observer  
  88  21:44  High Templar x3  
  90  22:00  Immortal x2 (Chrono Boost)  
  94  22:19  Zealot x4  
  94  22:20  Zealot x4  
  106  22:29  Immortal (Chrono Boost)  
  114  22:30  Immortal (Chrono Boost)  
  94  22:58  Immortal (Chrono Boost)  
  102  23:06  Immortal (Chrono Boost)  
  97  23:26  Nexus  
  97  23:27  Immortal (Chrono Boost), Pylon  
  97  23:38  Immortal (Chrono Boost)  
  93  23:57  Immortal (Chrono Boost)  
  95  24:06  Immortal (Chrono Boost)  
  99  24:29  Assimilator  
  99  24:31  Assimilator  
  99  24:43  Nexus, Pylon  
  94  25:14  Zealot x8  
  94  25:15  Zealot  
  98  25:44  Observer  
  98  25:48  Assimilator  
  98  25:49  Assimilator  
  99  26:06  Oracle (Chrono Boost)  
  102  26:22  Stalker  
  96  26:53  High Templar  
  96  27:16  Observer  
  97  27:29  Assimilator  
  97  27:35  Nexus  
  97  27:40  Pylon  
  97  27:41  Zealot  
  88  28:52  Shield Battery  
  88  28:53  Stalker x2  
  92  28:55  Photon Cannon  
  87  29:20  Assimilator  
  87  29:36  Oracle (Chrono Boost)  
  30  31:01  Stalker x4  
  38  31:14  Photon Cannon  
  36  31:31  Nexus  
  24  33:53  Dark Templar  
  10  39:27  Warp Prism (Chrono Boost)  
  12  39:51  Zealot x4  
Show
View Real Time Build Order
Export as new Build Order

Denver Zerg - Winner!

Build Orders: Hatch First, Lurkers 

Get SALT Encoding   

  12  0:00  Drone  
  13  0:12  Overlord  
  13  0:17  Drone  
  14  0:30  Drone x2  
  16  0:48  Hatchery  
  15  0:51  Drone  
  15  0:56  Drone  
  17  0:58  Drone  
  18  1:09  Extractor  
  17  1:15  Spawning Pool  
  17  1:18  Drone  
  17  1:22  Drone  
  18  1:28  Drone  
  19  1:38  Drone  
  20  1:49  Overlord  
  20  2:02  Zergling x2, Queen x2  
  20  2:03  Zergling x2  
  26  2:11  Metabolic Boost  
  26  2:13  Drone  
  26  2:15  Drone  
  28  2:23  Drone x2  
  30  2:45  Queen  
  30  2:50  Hatchery  
  31  2:52  Overlord  
  31  2:54  Drone x2  
  31  2:56  Drone  
  34  3:03  Drone  
  34  3:04  Drone  
  35  3:07  Overlord  
  35  3:13  Drone  
  35  3:14  Drone x2  
  35  3:15  Drone  
  35  3:19  Overlord  
  39  3:24  Drone x2  
  41  3:27  Drone  
  41  3:30  Spore Crawler  
  41  3:36  Drone x3  
  44  3:43  Queen  
  44  3:46  Drone  
  44  3:47  Drone x2  
  49  3:53  Zergling x6  
  52  3:57  Drone x2  
  52  3:58  Drone  
  55  4:03  Spore Crawler  
  55  4:06  Drone x3  
  56  4:12  Spore Crawler  
  56  4:13  Queen  
  58  4:17  Zergling x4  
  58  4:18  Overlord  
  58  4:23  Drone  
  58  4:24  Drone x2  
  62  4:31  Drone x3, Roach Warren  
  62  4:36  Lair  
  64  4:39  Overlord  
  64  4:44  Drone x2, Spore Crawler  
  64  4:45  Drone  
  66  4:49  Extractor  
  66  4:50  Zergling x2  
  66  4:51  Zergling x4, Extractor  
  67  4:55  Zergling x2  
  67  4:56  Zergling x6  
  68  5:01  Zergling x2  
  68  5:02  Zergling x6  
  62  5:15  Zergling x12  
  58  5:21  Zergling x8  
  60  5:32  Drone  
  60  5:33  Drone x2  
  62  5:37  Overseer  
  61  5:43  Roach x3  
  65  5:52  Drone x2  
  65  5:55  Drone x3  
  65  5:56  Drone x2  
  68  6:03  Roach x2  
  71  6:08  Drone x3  
  74  6:13  Drone x2  
  76  6:19  Drone x3  
  76  6:21  Drone  
  76  6:22  Overlord  
  80  6:29  Roach  
  80  6:30  Glial Reconstitution  
  82  6:37  Overlord  
  82  6:42  Roach x4  
  82  6:45  Overlord  
  85  6:48  Drone, Spore Crawler  
  85  6:50  Drone  
  85  6:51  Drone x3  
  85  6:52  Drone  
  89  6:58  Extractor  
  89  6:59  Extractor  
  89  7:01  Roach x4  
  95  7:04  Drone x2  
  97  7:09  Infestation Pit, Drone  
  97  7:11  Evolution Chamber  
  97  7:13  Drone  
  97  7:14  Drone  
  98  7:23  Drone  
  98  7:24  Drone x6  
  105  7:30  Drone  
  105  7:31  Overlord x2  
  106  7:40  Zerg Missile Weapons Level 1  
  106  7:41  Overlord  
  106  7:44  Overlord  
  106  7:48  Hive  
  106  7:50  Drone x7  
  113  7:58  Roach x4  
  111  8:04  Extractor  
  108  8:07  Roach x3  
  108  8:11  Drone x2  
  108  8:12  Drone x2  
  116  8:13  Drone  
  116  8:19  Overseer  
  117  8:30  Overlord  
  117  8:32  Hatchery  
  117  8:33  Roach  
  117  8:34  Roach x6  
  128  8:37  Overlord  
  130  8:43  Roach x4  
  130  8:45  Overlord  
  138  8:50  Ravager x4  
  138  8:51  Ravager x4  
  146  8:58  Roach  
  146  8:59  Roach x3  
  146  9:00  Overlord  
  146  9:01  Overlord  
  154  9:07  Viper  
  157  9:14  Zergling x10  
  162  9:20  Zergling x10  
  165  9:28  Hydralisk Den  
  165  9:30  Overlord x2  
  164  9:34  Viper  
  167  9:40  Overlord  
  167  9:41  Viper  
  164  9:46  Zergling x18  
  172  9:53  Drone x4  
  172  9:56  Hydralisk Den  
  173  10:06  Drone  
  173  10:07  Drone x9  
  183  10:18  Roach x4  
  185  10:23  Roach x4  
  185  10:25  Overseer  
  185  10:27  Spore Crawler  
  189  10:29  Ravager x2, Zerg Missile Weapons Level 2  
  177  10:41  Zergling x2  
  177  10:42  Zergling x18  
  164  10:46  Roach  
  164  10:47  Roach x3  
  160  10:51  Roach x4  
  168  10:58  Hydralisk x5  
  168  11:03  Grooved Spines  
  178  11:05  Roach x5  
  188  11:12  Spore Crawler  
  188  11:13  Drone  
  188  11:14  Drone x5  
  188  11:16  Spore Crawler  
  190  11:24  Lurker Den  
  190  11:25  Extractor x2  
  180  11:26  Viper  
  180  11:30  Zergling x18  
  180  11:32  Hatchery  
  186  11:37  Viper  
  186  11:58  Hydralisk x5  
  186  11:59  Zergling x24  
  181  12:04  Extractor  
  180  12:11  Overlord x2  
  180  12:14  Overlord x2  
  180  12:17  Overlord  
  180  12:19  Overlord  
  176  12:27  Zergling x10  
  168  12:37  Seismic Spines  
  168  12:40  Hydralisk  
  168  12:41  Hydralisk x5  
  168  12:43  Lurker  
  168  12:44  Lurker  
  182  12:51  Zergling x20  
  182  12:58  Zergling x2  
  182  12:59  Zergling x2  
  182  13:04  Viper x2  
  180  13:15  Hydralisk x7  
  180  13:16  Zergling x4  
  188  13:25  Overseer  
  173  13:29  Viper  
  173  13:33  Zergling x12  
  174  13:34  Adaptive Talons  
  160  13:47  Drone x7  
  164  13:49  Lurker x2  
  164  13:50  Lurker  
  165  13:56  Drone x5, Extractor  
  169  14:08  Lurker x3  
  164  14:13  Drone x7  
  164  14:25  Zergling x22  
  174  14:35  Lurker x3  
  174  14:36  Lurker  
  174  14:38  Pneumatized Carapace  
  178  14:41  Drone  
  178  14:42  Drone x4  
  178  15:01  Hydralisk x9  
  187  15:24  Hatchery  
  184  15:34  Hydralisk x9  
  186  15:38  Viper  
  186  15:49  Zergling x18  
  193  15:55  Lurker x3  
  193  16:05  Lurker x4  
  197  16:16  Zerg Missile Weapons Level 3  
  187  16:26  Hydralisk x5  
  187  16:32  Overseer  
  154  16:40  Hydralisk  
  154  16:41  Hydralisk x3  
  154  16:42  Zergling x4  
  152  16:49  Drone x5  
  147  17:03  Hydralisk x4  
  124  17:20  Lurker x3  
  127  17:29  Lurker  
  128  17:37  Lurker  
  129  17:38  Roach  
  129  17:39  Roach x3  
  137  17:49  Roach x5  
  142  18:02  Muscular Augments  
  142  18:04  Lurker  
  139  18:10  Drone x3  
  136  18:16  Lurker  
  137  18:20  Lurker  
  123  18:36  Roach x5  
  123  18:38  Lurker  
  119  19:00  Roach x3  
  122  19:08  Lurker x2  
  122  19:33  Roach x6  
  130  19:49  Hatchery  
  112  20:09  Hydralisk x3  
  119  20:14  Lurker  
  119  20:25  Drone x3  
  122  20:48  Hydralisk x5  
  129  20:55  Lurker  
  129  20:56  Lurker  
  117  21:13  Hydralisk x3  
  83  21:47  Hydralisk x5  
  82  21:55  Extractor x2  
  80  22:03  Hydralisk x2  
  80  22:04  Zergling x8  
  88  22:13  Queen  
  90  22:29  Hydralisk x2  
  94  22:49  Hydralisk  
  94  22:50  Hydralisk x4  
  97  23:22  Hydralisk x3  
  86  23:44  Lurker x2  
  83  24:49  Overseer  
  83  24:55  Zergling x2  
  83  24:56  Zergling x6  
  69  26:19  Overseer  
  56  27:33  Zergling x6  
  59  27:38  Zergling x8  
  63  28:04  Overseer  
  61  28:09  Hydralisk x2  
  52  31:08  Overseer  

Tags
 
Add a new tag
Caveats
  • Supply blocks, unpowered buildings, or Contaminate may cause inaccurate times.
  • Supply counts are checked every 10 seconds.